General information
- name: BNet
- type: Ladder team game (AT/RT)
- host: Battle.net
- saver: 418
map: Mur'gulOasis
- players: 8
- length: 41:23
- speed: Fast
- version: 1.24 W3XP
- replay type: Public
» download(331 KB)
Players
team 1 (loser)
418 (
orange | 68 APM | 2798 actions | 41:23)
7 Blademaster
3 Wind Walk
3 Critical Strike
1 Bladestorm
» actions
| Assign group hotkey | 3 | |
| Basic commands | 50 | |
| Build / train | 116 | |
| ESC pressed | 3 | |
| Enter build submenu | 58 | |
| Enter hero's abilities submenu | 8 | |
| Give item / drop item | 8 | |
| Right click | 1655 | |
| Select / deselect | 697 | |
| Select group hotkey | 9 | |
| Use ability | 191 | |
2798 total
» units
| Peon | 31 | |
| Shaman | 1 | |
| Spirit Walker | 1 | |
| Troll Witch Doctor | 1 | |
| Wind Rider | 7 | |
| Raider | 1 | |
42 total
» upgrades
| Spiked Barricades | 3 | |
| Reinforced Defenses | 1 | |
| Shaman Training | 2 | |
| Liquid Fire | 1 | |
| Envenomed Spears | 1 | |
| Spirit Walker Training | 2 | |
| Pillage | 1 | |
| Backpack | 1 | |
| Ranged Weapons | 3 | |
| Armor | 3 | |
| Melee Weapons | 3 | |
| Witch Doctor Training | 2 | |
| Ensnare | 1 | |
| War Drums Damage Increase | 1 | |
| Pulverize | 1 | |
| Berserker Strength | 1 | |
| Troll Regeneration | 1 | |
| Berserker Upgrade | 1 | |
| Burning Oil | 1 | |
30 total
» buildings
| Altar of Storms | 1 | |
| Orc Burrow | 6 | |
| War Mill | 1 | |
| Voodoo Lounge | 2 | |
| Stronghold | 1 | |
| Watch Tower | 35 | |
| Fortress | 1 | |
| Spirit Lodge | 1 | |
| Beastiary | 3 | |
| Tauren Totem | 1 | |
| Barracks | 1 | |
| Great Hall | 1 | |
54 total
» build order
00:08 Altar of Storms
00:18 Orc Burrow
00:49 War Mill
01:09 Voodoo Lounge
01:59 Orc Burrow
02:27 Stronghold
02:46 Watch Tower
03:15 Watch Tower
03:16 Watch Tower
04:34 Watch Tower
04:57 Fortress
05:51 Voodoo Lounge
06:04 Watch Tower
06:19 Watch Tower
08:10 Orc Burrow
10:20 Spirit Lodge
10:24 Beastiary
10:26 Beastiary
10:29 Beastiary
17:24 Watch Tower
17:25 Watch Tower
17:26 Watch Tower
17:27 Watch Tower
17:27 Watch Tower
17:33 Watch Tower
17:35 Watch Tower
17:36 Watch Tower
17:38 Watch Tower
17:40 Watch Tower
18:30 Watch Tower
18:34 Watch Tower
18:36 Watch Tower
19:46 Tauren Totem
22:58 Orc Burrow
23:28 Watch Tower
23:32 Watch Tower
23:34 Watch Tower
24:00 Watch Tower
24:11 Watch Tower
24:12 Watch Tower
24:51 Barracks
26:55 Orc Burrow
26:57 Orc Burrow
30:02 Great Hall
30:05 Watch Tower
30:06 Watch Tower
30:07 Watch Tower
30:07 Watch Tower
30:08 Watch Tower
31:09 Watch Tower
31:10 Watch Tower
31:12 Watch Tower
31:13 Watch Tower
31:17 Watch Tower
» items
| Healing Salve | 5 | |
| Lesser Clarity Potion | 11 | |
| Boots of Speed | 1 | |
| Circlet of Nobility | 1 | |
| Staff of Teleportation | 2 | |
| Scroll of Speed | 1 | |
| Orb of Lightning | 1 | |
| Scroll of Healing | 1 | |
| Potion of Lesser Invulnerability | 3 | |
| Potion of Healing | 2 | |
| Scroll of Regeneration | 1 | |
| Potion of Mana | 4 | |
| Tiny Great Hall | 1 | |
34 total

»
quacktastic (
red | 112 APM | 4229 actions | 37:52)
5 Archmage
3 Summon Water Elemental
2 Brilliance Aura
3 Paladin
2 Holy Light
1 Divine Shield
2 Mountain King
1 Storm Bolt
1 Bash
» actions
| Assign group hotkey | 47 | |
| Basic commands | 89 | |
| Build / train | 72 | |
| Enter build submenu | 25 | |
| Enter hero's abilities submenu | 10 | |
| Give item / drop item | 2 | |
| Remove unit from queue | 3 | |
| Right click | 1715 | |
| Select / deselect | 480 | |
| Select group hotkey | 1652 | |
| Use ability | 134 | |
4229 total
» units
| Peasant | 7 | |
| Footman | 12 | |
| Priest | 5 | |
| Sorceress | 5 | |
| Spell Breaker | 5 | |
| Siege Engine | 6 | |
40 total
» upgrades
| Defend | 1 | |
| Sorceress Training | 2 | |
| Priest Training | 2 | |
| Magic Sentry | 1 | |
| Barrage | 1 | |
| Plating | 1 | |
8 total
» buildings
| Altar of Kings | 1 | |
| Barracks | 1 | |
| Farm | 13 | |
| Scout Tower | 1 | |
| Arcane Tower | 1 | |
| Keep | 1 | |
| Arcane Vault | 1 | |
| Blacksmith | 1 | |
| Lumber Mill | 1 | |
| Arcane Sanctum | 2 | |
| Castle | 1 | |
| Workshop | 1 | |
25 total
» build order
00:17 Altar of Kings
00:23 Barracks
00:33 Farm
01:09 Farm
01:42 Scout Tower
01:45 Farm
02:15 Farm
02:35 Arcane Tower
03:03 Farm
03:52 Keep
04:22 Arcane Vault
04:48 Blacksmith
04:56 Lumber Mill
06:33 Farm
06:36 Arcane Sanctum
06:59 Farm
07:33 Arcane Sanctum
07:36 Farm
11:44 Castle
13:16 Workshop
18:12 Farm
18:29 Farm
18:51 Farm
19:54 Farm
19:57 Farm
» items
| Scroll of Town Portal | 2 | |
| Potion of Lesser Invulnerability | 1 | |
| Scroll of Protection | 1 | |
| Ivory Tower | 1 | |
5 total
G0DS_GIFT (
blue | 71 APM | 2883 actions | 40:24)
6 Dark Ranger
2 Black Arrow
3 Silence
1 Charm
5 Mountain King
3 Storm Bolt
2 Bash
2 Paladin
1 Holy Light
1 Divine Shield
» actions
| Assign group hotkey | 101 | |
| Basic commands | 48 | |
| Build / train | 85 | |
| ESC pressed | 1 | |
| Enter build submenu | 26 | |
| Enter hero's abilities submenu | 13 | |
| Give item / drop item | 6 | |
| Remove unit from queue | 2 | |
| Right click | 1587 | |
| Select / deselect | 482 | |
| Select group hotkey | 430 | |
| Use ability | 102 | |
2883 total
» units
| Peasant | 11 | |
| Rifleman | 10 | |
| Gryphon Rider | 5 | |
| Siege Engine | 2 | |
28 total
» upgrades
| Gunpowder | 2 | |
| Armor | 3 | |
| Long Rifles | 1 | |
| Swords | 3 | |
| Barrage | 1 | |
| Storm Hammers | 1 | |
| Animal War Training | 1 | |
| Cloud | 1 | |
| Masonry | 2 | |
15 total
» buildings
| Altar of Kings | 1 | |
| Blacksmith | 1 | |
| Farm | 10 | |
| Barracks | 1 | |
| Keep | 3 | |
| Castle | 1 | |
| Lumber Mill | 1 | |
| Gryphon Aviary | 2 | |
| Workshop | 1 | |
| Arcane Vault | 1 | |
| Town Hall | 1 | |
23 total
» build order
00:09 Altar of Kings
01:03 Blacksmith
01:07 Farm
01:13 Barracks
01:34 Farm
01:42 Farm
02:16 Farm
03:26 Farm
04:17 Keep
04:17 Keep
04:17 Keep
06:01 Farm
06:03 Farm
07:06 Castle
08:08 Lumber Mill
10:53 Gryphon Aviary
10:55 Workshop
10:59 Gryphon Aviary
11:10 Arcane Vault
18:00 Farm
18:02 Farm
18:02 Farm
25:15 Town Hall
» items
| Circlet of Nobility | 3 | |
| Boots of Speed | 1 | |
| Periapt of Vitality | 1 | |
| Scroll of Healing | 1 | |
| Scroll of Protection | 1 | |
| Scroll of Regeneration | 5 | |
| Scroll of Town Portal | 2 | |
| Potion of Healing | 5 | |
19 total

»
Ericyeung40 (
pink | 64 APM | 2315 actions | 36:21)
5 Mountain King
3 Storm Bolt
1 Bash
1 Thunder Clap
4 Paladin
2 Holy Light
2 Divine Shield
» actions
| Assign group hotkey | 97 | |
| Basic commands | 113 | |
| Build / train | 102 | |
| ESC pressed | 3 | |
| Enter build submenu | 31 | |
| Enter hero's abilities submenu | 9 | |
| Give item / drop item | 1 | |
| Remove unit from queue | 7 | |
| Right click | 1068 | |
| Select / deselect | 404 | |
| Select group hotkey | 386 | |
| Use ability | 94 | |
2315 total
» units
| Peasant | 23 | |
| Footman | 5 | |
| Knight | 29 | |
57 total
» upgrades
| Plating | 3 | |
| Swords | 3 | |
| Animal War Training | 1 | |
7 total
» buildings
| Altar of Kings | 1 | |
| Farm | 9 | |
| Barracks | 2 | |
| Arcane Vault | 1 | |
| Lumber Mill | 1 | |
| Scout Tower | 10 | |
| Arcane Tower | 1 | |
| Keep | 1 | |
| Blacksmith | 1 | |
| Guard Tower | 8 | |
| Castle | 1 | |
| Town Hall | 4 | |
40 total
» build order
00:20 Altar of Kings
00:38 Farm
01:10 Barracks
01:17 Farm
01:36 Arcane Vault
01:54 Farm
02:07 Lumber Mill
02:34 Scout Tower
03:07 Scout Tower
03:09 Arcane Tower
03:19 Keep
03:45 Blacksmith
04:38 Farm
04:40 Farm
04:55 Guard Tower
05:43 Castle
06:26 Farm
06:37 Barracks
07:41 Farm
08:44 Farm
10:04 Farm
10:47 Scout Tower
12:16 Scout Tower
12:42 Guard Tower
12:42 Guard Tower
12:42 Guard Tower
12:44 Scout Tower
13:22 Guard Tower
18:12 Town Hall
18:31 Scout Tower
18:32 Scout Tower
18:33 Scout Tower
19:49 Guard Tower
19:53 Scout Tower
19:54 Scout Tower
22:15 Guard Tower
22:17 Guard Tower
25:07 Town Hall
25:59 Town Hall
26:13 Town Hall
» items
| Scroll of Regeneration | 1 | |
| Scroll of Town Portal | 2 | |
| Potion of Healing | 3 | |
6 total
team 2 (winner)
Re-Invictus (
teal | 73 APM | 1967 actions | 26:48)
6 Blademaster
2 Wind Walk
3 Critical Strike
1 Bladestorm
4 Shadow Hunter
2 Hex
2 Healing Wave
» actions
| Assign group hotkey | 32 | |
| Basic commands | 11 | |
| Build / train | 88 | |
| Enter build submenu | 21 | |
| Enter hero's abilities submenu | 11 | |
| Give item / drop item | 6 | |
| Remove unit from queue | 3 | |
| Right click | 869 | |
| Select / deselect | 286 | |
| Select group hotkey | 511 | |
| Use ability | 129 | |
1967 total
» units
| Peon | 12 | |
| Grunt | 5 | |
| Wind Rider | 16 | |
| Troll Batrider | 7 | |
40 total
» upgrades
| Berserker Strength | 1 | |
| Ranged Weapons | 2 | |
| Armor | 1 | |
| Envenomed Spears | 1 | |
| Liquid Fire | 1 | |
| Reinforced Defenses | 1 | |
| Spiked Barricades | 2 | |
9 total
» buildings
| Altar of Storms | 1 | |
| Orc Burrow | 10 | |
| Voodoo Lounge | 1 | |
| Barracks | 1 | |
| Stronghold | 1 | |
| Beastiary | 2 | |
| War Mill | 1 | |
| Fortress | 1 | |
| Great Hall | 2 | |
| Watch Tower | 4 | |
24 total
» build order
00:05 Altar of Storms
00:19 Orc Burrow
00:35 Voodoo Lounge
01:26 Barracks
01:42 Orc Burrow
02:49 Stronghold
03:43 Orc Burrow
04:21 Orc Burrow
05:57 Beastiary
05:59 Beastiary
06:04 War Mill
09:54 Orc Burrow
12:43 Fortress
13:21 Orc Burrow
15:02 Great Hall
17:26 Watch Tower
17:48 Orc Burrow
19:55 Watch Tower
21:52 Orc Burrow
21:53 Orc Burrow
21:56 Orc Burrow
22:31 Watch Tower
23:41 Great Hall
25:27 Watch Tower
» items
| Healing Salve | 7 | |
| Lesser Clarity Potion | 2 | |
| Circlet of Nobility | 1 | |
| Scroll of Protection | 1 | |
| Scroll of Healing | 1 | |
| Scroll of Town Portal | 1 | |
| Orb of Lightning | 1 | |
| Potion of Healing | 1 | |
15 total

»
DiAbLo-JoiNt (
yellow | 99 APM | 4088 actions | 41:23)
6 Pandaren Brewmaster
3 Breath of Fire
2 Drunken Haze
1 Storm Earth and Fire
1 Dreadlord
1 Sleep
1 Death Knight
1 Death Pact
1 Lich
1 Frost Nova
1 Shadow Hunter
1 Healing Wave
1 Blademaster
1 Wind Walk
» actions
| Assign group hotkey | 31 | |
| Basic commands | 66 | |
| Build / train | 68 | |
| ESC pressed | 3 | |
| Enter build submenu | 60 | |
| Enter hero's abilities submenu | 13 | |
| Give item / drop item | 3 | |
| Right click | 2203 | |
| Select / deselect | 790 | |
| Select group hotkey | 601 | |
| Use ability | 250 | |
4088 total
» units
| Acolyte | 15 | |
| Ghoul | 9 | |
| Obsidian Statue | 3 | |
27 total
» buildings
| Crypt | 1 | |
| Ziggurat | 40 | |
| Altar of Darkness | 1 | |
| Graveyard | 1 | |
| Tomb of Relics | 1 | |
| Spirit Tower | 13 | |
| Halls of the Dead | 1 | |
| Slaughterhouse | 1 | |
| Black Citadel | 1 | |
| Sacrificial Pit | 2 | |
| Necropolis | 1 | |
63 total
» build order
00:12 Crypt
00:19 Ziggurat
00:47 Altar of Darkness
01:19 Graveyard
01:52 Tomb of Relics
02:30 Ziggurat
03:01 Ziggurat
03:27 Spirit Tower
04:01 Spirit Tower
04:03 Halls of the Dead
04:26 Ziggurat
05:56 Spirit Tower
06:12 Ziggurat
06:15 Spirit Tower
06:45 Slaughterhouse
07:31 Black Citadel
10:20 Sacrificial Pit
10:24 Ziggurat
10:26 Sacrificial Pit
10:27 Ziggurat
10:30 Ziggurat
11:54 Ziggurat
11:55 Ziggurat
11:57 Ziggurat
11:59 Ziggurat
12:02 Ziggurat
12:50 Spirit Tower
12:52 Spirit Tower
13:55 Spirit Tower
14:09 Ziggurat
14:13 Ziggurat
14:15 Ziggurat
15:18 Spirit Tower
15:55 Ziggurat
15:57 Ziggurat
15:59 Ziggurat
16:55 Spirit Tower
17:19 Spirit Tower
19:28 Ziggurat
19:29 Ziggurat
19:30 Ziggurat
19:39 Spirit Tower
22:01 Spirit Tower
22:46 Ziggurat
22:53 Ziggurat
22:54 Ziggurat
22:57 Ziggurat
23:14 Ziggurat
23:17 Ziggurat
23:19 Ziggurat
23:31 Ziggurat
23:32 Ziggurat
23:34 Ziggurat
23:36 Ziggurat
23:39 Ziggurat
23:41 Ziggurat
23:42 Ziggurat
23:44 Ziggurat
23:45 Ziggurat
23:46 Ziggurat
23:47 Ziggurat
24:43 Spirit Tower
39:46 Necropolis
» items
| Rod of Necromancy | 1 | |
| Boots of Speed | 1 | |
| Potion of Lesser Invulnerability | 1 | |
| Potion of Mana | 4 | |
| Potion of Healing | 4 | |
| Sacrificial Skull | 1 | |
| Staff of Teleportation | 1 | |
| Lesser Clarity Potion | 1 | |
14 total
GATSUUGA (
purple | 75 APM | 1973 actions | 26:25)
5 Death Knight
3 Death Coil
2 Unholy Aura
4 Lich
2 Frost Nova
2 Frost Armor
» actions
| Basic commands | 5 | |
| Build / train | 60 | |
| Enter build submenu | 16 | |
| Enter hero's abilities submenu | 9 | |
| Give item / drop item | 1 | |
| Remove unit from queue | 2 | |
| Right click | 1266 | |
| Select / deselect | 480 | |
| Use ability | 134 | |
1973 total
» units
| Acolyte | 5 | |
| Ghoul | 5 | |
| Crypt Fiend | 10 | |
| Obsidian Statue | 7 | |
27 total
» upgrades
| Creature Attack | 2 | |
| Web | 1 | |
| Creature Carapace | 2 | |
| Destroyer Form | 1 | |
6 total
» buildings
| Graveyard | 1 | |
| Crypt | 1 | |
| Ziggurat | 9 | |
| Altar of Darkness | 1 | |
| Tomb of Relics | 1 | |
| Nerubian Tower | 1 | |
| Spirit Tower | 2 | |
| Halls of the Dead | 1 | |
| Slaughterhouse | 2 | |
| Black Citadel | 1 | |
| Sacrificial Pit | 1 | |
21 total
» build order
00:09 Graveyard
00:10 Crypt
00:40 Ziggurat
01:00 Altar of Darkness
01:15 Tomb of Relics
02:20 Ziggurat
02:57 Nerubian Tower
04:02 Ziggurat
05:56 Spirit Tower
05:57 Halls of the Dead
06:14 Ziggurat
10:00 Slaughterhouse
10:04 Ziggurat
10:38 Black Citadel
11:36 Sacrificial Pit
11:42 Ziggurat
16:20 Slaughterhouse
16:45 Ziggurat
22:12 Ziggurat
22:51 Spirit Tower
24:49 Ziggurat
» items
| Rod of Necromancy | 3 | |
| Dust of Appearance | 1 | |
| Orb of Corruption | 1 | |
| Potion of Healing | 1 | |
| Scroll of Town Portal | 1 | |
7 total

»
Mightyw (
green | 43 APM | 1158 actions | 26:44)
3 Dreadlord
2 Vampiric Aura
1 Sleep
» actions
| Basic commands | 23 | |
| Build / train | 59 | |
| Enter build submenu | 14 | |
| Enter hero's abilities submenu | 3 | |
| Right click | 701 | |
| Select / deselect | 314 | |
| Use ability | 44 | |
1158 total
» units
| Acolyte | 2 | |
| Ghoul | 20 | |
| Abomination | 11 | |
33 total
» upgrades
| Unholy Strength | 3 | |
| Unholy Armor | 3 | |
| Disease Cloud | 1 | |
| Cannibalize | 1 | |
| Ghoul Frenzy | 1 | |
9 total
» buildings
| Ziggurat | 6 | |
| Crypt | 1 | |
| Altar of Darkness | 1 | |
| Nerubian Tower | 1 | |
| Halls of the Dead | 1 | |
| Graveyard | 1 | |
| Tomb of Relics | 1 | |
| Spirit Tower | 4 | |
| Black Citadel | 1 | |
| Slaughterhouse | 2 | |
19 total
» build order
00:10 Ziggurat
00:12 Crypt
00:36 Altar of Darkness
01:01 Ziggurat
01:14 Nerubian Tower
02:46 Halls of the Dead
03:23 Graveyard
03:29 Tomb of Relics
03:37 Ziggurat
05:54 Spirit Tower
05:55 Spirit Tower
05:56 Black Citadel
06:00 Ziggurat
06:05 Slaughterhouse
06:15 Slaughterhouse
06:19 Ziggurat
06:22 Ziggurat
12:37 Spirit Tower
13:27 Spirit Tower
» items
| Boots of Speed | 3 | |
| Potion of Healing | 1 | |
| Dust of Appearance | 1 | |
| Scroll of Town Portal | 1 | |
6 total
Chat log
(00:07 / Allies) quacktastic: plan?
(00:14 / Allies) quacktastic: 3x human and an orc
(00:21 / Allies) G0DS_GIFT: i got rifles darkranger
(00:22 / Allies) G0DS_GIFT: wanna rush?
(00:25 / Allies) quacktastic: yea
(00:26 / Allies) quacktastic: i think so
(00:31 / Allies) Ericyeung40: knight
(00:41 / Allies) Ericyeung40: foot to knight
(00:46 / Allies) quacktastic: foot to caster
(00:49 / Allies) quacktastic: AM for hero
(00:55 / Allies) G0DS_GIFT: rifles to griffs? or tanks....
(00:58 / Allies) G0DS_GIFT: idc
(01:00 / Allies) G0DS_GIFT: we'll see what we need
(01:03 / Allies) quacktastic: lets see what they get
(01:04 / Allies) quacktastic: yea
(03:19 / Allies) G0DS_GIFT: they have a panda
(03:44 / Allies) quacktastic: shall we hit?
(05:10 / Allies) quacktastic: coming
(05:20 / Allies) quacktastic: tp now plz
(06:19 / Allies) quacktastic: creep mid?
(07:29 / Allies) quacktastic: creep mid?
(07:37 / Allies) G0DS_GIFT: if we can ya
(07:38 / Allies) G0DS_GIFT: sure
(07:48 / Allies) G0DS_GIFT: try not to lose units tho
(09:59 / Allies) G0DS_GIFT: oj u gettin that?
(10:03 / All) 418: GONNA GETCHYA
(10:07 / Allies) quacktastic: gj
(10:11 / All) GATSUUGA: lol xD
(10:12 / All) GATSUUGA: touche
(12:07 / All) 418: LOL
(12:14 / All) GATSUUGA: i saw that coming
(12:18 / Allies) G0DS_GIFT: take jag
(12:19 / Allies) G0DS_GIFT: n m
(12:25 / Allies) G0DS_GIFT: kill abom?
(12:26 / Allies) G0DS_GIFT: nice
(12:58 / Allies) G0DS_GIFT: out
(13:05 / Allies) quacktastic: all attack?
(13:24 / Allies) G0DS_GIFT: pink fight
(14:00 / Allies) quacktastic: gj
(14:05 / Allies) quacktastic: take out expo?
(14:06 / Allies) quacktastic: k
(14:07 / Allies) G0DS_GIFT: ya
(17:16 / Allies) quacktastic: dude
(17:21 / Allies) quacktastic: heal y pally next time plz
(17:32 / Allies) G0DS_GIFT: u coulda invised ur pally
(17:41 / Allies) quacktastic: coulda
(17:42 / Allies) quacktastic: but didnt
(19:44 / Allies) quacktastic: too many towers
(21:01 / Allies) quacktastic: b
(21:07 / Allies) quacktastic: more tanks
(22:43 / Allies) quacktastic: tp?
(22:48 / Allies) G0DS_GIFT: na
(23:37 / Allies) quacktastic: tp?
(23:39 / Allies) G0DS_GIFT: ya
(23:44 / Allies) G0DS_GIFT: if they commit
(24:01 / Allies) Ericyeung40: ya
(24:01 / Allies) G0DS_GIFT: i wanna flank em
(24:13 / Allies) Ericyeung40: tp?
(24:15 / Allies) quacktastic: yes
(24:16 / Allies) quacktastic: now
(24:17 / Allies) quacktastic: gogogogo
(24:45 / Allies) G0DS_GIFT: nice
(24:51 / Allies) G0DS_GIFT: thats huge
(25:02 / Allies) G0DS_GIFT: 20 gold for hall?
(25:16 / Allies) G0DS_GIFT: tjhx
(26:44 / Allies) Ericyeung40: gold me
(26:55 / Allies) G0DS_GIFT: gj guiys
(26:59 / All) quacktastic: gg
(27:18 / Allies) G0DS_GIFT: just establish the center
(27:22 / Allies) G0DS_GIFT: they have no gold
(27:23 / Allies) quacktastic: anyone need lumber?
(27:40 / All) quacktastic: fights start in 2 minutes....
(28:06 / Allies) G0DS_GIFT: imma charm one
(28:08 / Allies) quacktastic: take out teal
(29:16 / Allies) G0DS_GIFT: as long as we have that xpo n they dont get one we win
(29:31 / Allies) quacktastic: tanks will lead
(29:51 / Allies) G0DS_GIFT: defend or no
(29:52 / Allies) quacktastic: no tp
(29:57 / Allies) quacktastic: i dont have one
(29:57 / Allies) Ericyeung40: no tp..
(29:59 / Allies) G0DS_GIFT: kk go
(30:08 / Allies) G0DS_GIFT: ull b lvl 6 soon right rer?
(30:12 / Allies) quacktastic: yea
(30:14 / Allies) G0DS_GIFT: kk
(30:16 / Allies) quacktastic: half way
(30:20 / Allies) G0DS_GIFT: damn
(30:55 / Allies) G0DS_GIFT: spendin the last of my money on masonry
(32:56 / Allies) quacktastic: those towers lose to tanks
(33:18 / Allies) Ericyeung40: he want to ffight in the tower
(33:20 / Allies) G0DS_GIFT: oj pick something off if you can
(33:25 / Allies) Ericyeung40: tank go first
(33:28 / Allies) quacktastic: definitely
(33:42 / Allies) G0DS_GIFT: u guys wanna xpo all four middles first?
(33:42 / Allies) quacktastic: rdy?
(33:47 / Allies) G0DS_GIFT: guarantee this thing?
(33:47 / Allies) quacktastic: STOP
(33:49 / Allies) quacktastic: stopit
(33:51 / Allies) quacktastic: youre killing my tanks
(33:52 / Allies) quacktastic: oj
(33:52 / Allies) quacktastic: stop
(33:54 / Allies) quacktastic: fuck
(33:54 / Allies) G0DS_GIFT: oj what are you doin
(34:38 / Allies) quacktastic: wow
(34:38 / Allies) quacktastic: oj
(34:40 / Allies) quacktastic: you fuckhead
(35:19 / Allies) quacktastic: why did you guys kill half my tanks?
(35:22 / Allies) quacktastic: what the fuck?
(35:23 / Allies) G0DS_GIFT: not me
(35:25 / Allies) G0DS_GIFT: oj
(35:26 / Allies) quacktastic: yes
(35:27 / Allies) quacktastic: you did
(35:28 / Allies) quacktastic: too
(35:28 / Allies) G0DS_GIFT: he got two of my heros too
(35:33 / Allies) quacktastic: i lost 3 tanks
(35:34 / Allies) G0DS_GIFT: i was killin his wyvs to stop him
(35:36 / Allies) quacktastic: out of 6
(35:43 / Allies) quacktastic: well played
(35:53 / Allies) quacktastic: now we have to wait a loooong time
(35:58 / Allies) quacktastic: he has all the gold
(36:10 / Allies) G0DS_GIFT: oj wins
(36:14 / Allies) quacktastic: clearly
(36:17 / Allies) G0DS_GIFT: he beats all seven of us
(36:30 / Allies) quacktastic: i got pink
(37:41 / Allies) quacktastic: youre a terrible person oj
(37:43 / All) G0DS_GIFT: what are you trying to prove oj?
(37:45 / Allies) quacktastic: terrible
(39:09 / Allies) G0DS_GIFT: oj easy pickins
(41:19 / All) DiAbLo-JoiNt: dont care